 Dungeon Crawl Stone Soup version 0.26.1-2-gb8aa6d0cf2 (webtiles) character file.

Game seed: 2050739732963527947

51 Elvor the Cudgeller (level 3, -5/22 HPs)
             Began as a Gargoyle Warper on Mar 4, 2021.
             Killed from afar by an orc wizard (9 damage)
             ... with a puff of frost
             ... on level 2 of the Dungeon.
             The game lasted 00:06:51 (911 turns).

Elvor the Cudgeller (Gargoyle Warper)                Turns: 911, Time: 00:06:51

Health: -5/22      AC:  7    Str: 15    XL:     3   Next: 81%
Magic:  6/6        EV: 11    Int: 13    God:
Gold:   76         SH:  0    Dex:  9    Spells: 4/6 levels left

rFire    . . .     SeeInvis .   a - +0 mace
rCold    . . .     Faith    .   (no shield)
rNeg     + . .     Spirit   .   b - +0 leather armour
rPois    ∞         Reflect  .   (no helmet)
rElec    +         Harm     .   (no cloak)
rCorr    .         Rampage  .   (no gloves)
Will     .....                  l - +0 pair of boots
Stlth    +.........             (no amulet)
HPRegen  0.07/turn              (no ring)
MPRegen  0.10/turn              (no ring)

@: no status effects
A: negative energy resistance 1, electricity resistance, unbreathing,
petrification resistance, miasma immunity, AC +3
a: no special abilities


You were on level 2 of the Dungeon.
You visited 1 branch of the dungeon, and saw 2 of its levels.

You collected 76 gold pieces.

Inventory:

Hand Weapons
 a - a +0 mace (weapon)
 i - a +0 hunting sling
Missiles
 c - 6 poisoned darts (quivered)
 e - 5 boomerangs of dispersal
 g - 31 bolts
 h - 37 stones
 k - 29 sling bullets
Armour
 b - a +0 leather armour (worn)
 l - a +0 pair of boots (worn)
 n - a +0 scale mail of fire resistance
Scrolls
 f - a scroll of enchant armour {unknown}
 o - a scroll of fog {unknown}
Potions
 j - a potion of curing {unknown}
 m - a potion of might {unknown}


   Skills:
 + Level 2.4 Fighting
 * Level 3.0 Maces & Flails
 + Level 0.1(0.5) Slings
 + Level 0.9(1.0) Throwing
 + Level 1.5 Armour
 + Level 1.7 Dodging
 + Level 2.1 Spellcasting
 + Level 3.0 Translocations


You had 4 spell levels left.
You knew the following spells:

 Your Spells              Type           Power        Failure   Level
a - Blink                 Tloc           N/A          14%         2

Your spell library contained the following spells:

 Spells                   Type           Power        Failure   Level
 Gell's Gravitas          Tloc           4%           26%         3
 Lesser Beckoning         Tloc           4%           26%         3
 Teleport Other           Tloc           9%           26%         3
 Passage of Golubria      Tloc           N/A          65%         4


Dungeon Overview and Level Annotations

Branches:
Dungeon (2/15)

Altars:


Innate Abilities, Weirdness & Mutations

You are resistant to torment.
Your stone body is resilient. (AC +3)
You are immune to poison.
You resist negative energy. (rN+)
You are resistant to electric shocks. (rElec)
You can survive without breathing.
You are immune to petrification.
You are immune to miasma.


Message History

Your Maces & Flails skill increases to level 3!
Your Translocations skill increases to level 3!
You have reached level 3!
Your experience leads to an increase in your attributes!
Increase (S)trength, (I)ntelligence, or (D)exterity?
You feel stronger.
An orc wizard is nearby!
Throw: 8 darts (poison)
Press: ? - help, Q - select action, (/) - cycle Shift-Dir - straight line, f - orc wizard
Aim: an orc wizard, wielding a -2 dagger and wearing a cursed -1 robe (45% to hit)
You throw a poisoned dart. The poisoned dart hits the orc wizard.
The orc wizard is poisoned.
Throw: 7 darts (poison)
Press: ? - help, Q - select action, (/) - cycle Shift-Dir - straight line, f/p - orc wizard
Aim: an orc wizard, wielding a -2 dagger and wearing a cursed -1 robe (poisoned, 45% to hit)
You throw a poisoned dart.
The poisoned dart closely misses the orc wizard.
The orc wizard gestures at you while chanting.
The puff of frost hits you!
You die...

#.....#
#(#####
#####
#o#
...<#
#.#
###.#
#.# #.#
#.# #†#
#.#
###.#
#.#
....#
#@#
##..#
#.#
.#..#
#.#
#...##
#.#
...#.#
#.#
...#.#
#.#
...#.#
#.# #.#
.#.#.#
#.# #.#
.#.#.#
#.# #.#


You could see an orc wizard (poisoned).

Vanquished Creatures
  An orc priest (D:2)
  An ooze (D:1)
  A goblin (D:1)
  2 hobgoblins (D:1)
  6 kobolds
  4 bats
  2 frilled lizards (D:1)
17 creatures vanquished.

Notes
Turn   | Place    | Note
-------+----------+-------------------------------------------
     0 | D:1      | Elvor the Gargoyle Warper began the quest for the Orb.
     0 | D:1      | Reached XP level 1. HP: 12/12 MP: 3/3
   124 | D:1      | Reached XP level 2. HP: 17/17 MP: 5/5
   134 | D:1      | Learned a level 2 spell: Blink
   894 | D:2      | Reached XP level 3. HP: 3/22 MP: 6/6
   911 | D:2      | Killed from afar by an orc wizard

Illustrated notes

Levels and vault maps discovered:
D:1:      heliophobic_arrival_henge, layout_basic
D:2:      layout_basic, uniq_robin

Skill      XL: |  1  2 |
---------------+-------+-----
Maces & Flails | 3 |  3.0
Translocations | 3 |  3.0
Fighting       | |  2.4
Slings         | |  0.1
Throwing       | |  0.9
Armour         | |  1.5
Dodging        | |  1.7
Spellcasting   | |  2.1

Action                   || total
-------------------------++-------
Melee: Mace              ||    51
 Fire: Hunting sling     ||     7
Throw: Dart              ||     7
  Use: Scroll            ||     1
Armor: Leather armour    ||    15
Dodge: Dodged            ||    41
